 Dungeon Crawl Stone Soup version 0.21.1-1-g345015f (webtiles) character file.

6659 VLARC the Thaumaturge (level 11, -6/60 HPs)
             Began as a Vine Stalker Ice Elementalist on Mar 28, 2018.
             Was a Priest of Kikubaaqudgha.
             Mangled by a cyan ugly thing (10 damage)
             ... on level 11 of the Dungeon on Mar 29, 2018.
             The game lasted 00:37:06 (12677 turns).

VLARC the Thaumaturge (VSIE)                       Turns: 12677, Time: 00:37:08

Health: -6/60      AC:  7    Str: 16    XL:     11   Next: 3%
Magic:  0/25       EV: 12    Int: 18    God:    Kikubaaqudgha [***...]
Gold:   644        SH:  0    Dex: 15    Spells: 9/29 levels left

rFire    . . .     SeeInvis .   F - +2 quarterstaff (drain)
rCold    . . .     Gourm    .   (shield currently unavailable)
rNeg     . . .     Faith    .   b - +2 robe {MR+}
rPois    .         Spirit   +   s - +1 helmet
rElec    .         Reflect  .   (no cloak)
rCorr    +         Harm     .   t - +0 pair of gloves
MR       ++...                  (no boots)
Stlth    ++........             (no amulet)
HPRegen  0.60/turn              z - ring of resist corrosion
MPRegen  0.19/turn              I - +5 ring of strength

@: no status effects
A: fangs 3, regeneration 1, magic shield, antimagic bite, no potion heal 3, rot
immunity
a: Receive Corpses, Renounce Religion


You were on level 11 of the Dungeon.
You worshipped Kikubaaqudgha.
Kikubaaqudgha was most pleased with you.
You were not hungry.

You visited 2 branches of the dungeon, and saw 12 of its levels.

You collected 644 gold pieces.

Inventory:

Hand Weapons
 r - a +1 dagger of venom
 F - a +2 quarterstaff of draining (weapon)
 G - a +2 hunting sling of velocity
Missiles
 l - 99 sling bullets
 m - 412 stones (quivered)
Armour
 b - a +2 robe of magic resistance (worn)
 h - a +0 troll leather armour
 q - a +0 shield
 s - a +1 helmet (worn)
 t - a +0 pair of gloves (worn)
 y - a +2 robe of cold resistance
Jewellery
 z - a ring of resist corrosion (left hand)
 I - a +5 ring of strength (right hand)
 J - a +2 ring of strength
Wands
 d - a wand of paralysis (6)
 p - a wand of random effects (83)
 w - a wand of polymorph (11)
Scrolls
 a - 4 scrolls of fear
 g - 3 scrolls of teleportation
 i - 2 scrolls of fog
 j - 2 scrolls of identify
 D - 2 scrolls of blinking
Potions
 c - a potion of haste
 e - 3 potions of curing
 k - a potion of resistance
 n - a potion of cancellation
 o - a potion of might
 u - 3 potions of agility
 x - 2 potions of lignification
 A - a potion of berserk rage
 C - 2 potions of brilliance
 H - a potion of mutation
Books
 v - a book of Necromancy

   Spells                             Type                      Level
   a - Pain                           Necromancy                   1
   b - Animate Skeleton               Necromancy                   1
   c - Vampiric Draining              Necromancy                   3
   d - Regeneration                   Charms/Necromancy            3
   e - Animate Dead                   Necromancy                   4
   f - Borgnjor's Vile Clutch         Necromancy/Earth             5
 B - Kikubaaqudgha's Papyrus of Sinister Rituals
   (Kikubaaqudgha gifted it to you on level 7 of the Dungeon)

   Spells                             Type                      Level
   a - Animate Skeleton               Necromancy                   1
   b - Pain                           Necromancy                   1
   c - Sublimation of Blood           Necromancy                   2
   d - Vampiric Draining              Necromancy                   3
 E - Kikubaaqudgha's Papyrus of Sinister Rituals
   (Kikubaaqudgha gifted it to you on level 10 of the Dungeon)

   Spells                             Type                      Level
   a - Animate Dead                   Necromancy                   4
   b - Excruciating Wounds            Charms/Necromancy            5
   c - Bolt of Draining               Conjuration/Necromancy       5
   d - Agony                          Necromancy                   5
   e - Dispel Undead                  Necromancy                   5
Comestibles
 f - 13 rations


   Skills:
 + Level 8.4 Fighting
 - Level 1.5 Dodging
 - Level 2.4 Stealth
 + Level 9.5 Spellcasting
 - Level 1.0 Conjurations
 - Level 5.0 Summonings
 + Level 5.3 Necromancy
 - Level 7.2 Ice Magic


You had 9 spell levels left.
You knew the following spells:

 Your Spells              Type           Power        Failure   Level  Hunger
a - Freeze                Ice            ####         1%          1    None
b - Throw Frost           Conj/Ice       ###...       2%          2    None
c - Ozocubu's Armour      Chrm/Ice       ###.....     5%          3    None
d - Summon Ice Beast      Ice/Summ       ####....     7%          4    ###....
e - Animate Skeleton      Necr           N/A          1%          1    None
f - Animate Dead          Necr           N/A          10%         4    ###....
g - Borgnjor's Vile Clut  Necr/Erth      ###.......   61%         5    #####..


Dungeon Overview and Level Annotations

Branches:
Dungeon (11/15)            Temple (1/1) D:4            Lair (0/6) D:9
    Orc: D:9-12

Altars:
Cheibriados
Dithmenos
Elyvilon
Fedhas
Gozag
Hepliaklqana
Kikubaaqudgha
Makhleb
Nemelex Xobeh
Okawaru
Qazlal
Ru
Sif Muna
Trog
Uskayaw
Vehumet
Wu Jian
Xom
Yredelemnul
Zin
The Shining One

Shops:
D:7 ?   D:9 [

Annotations:
D:5 CollectiveS's ghost, novice GrCj
D:10 buskinjo's ghost, novice GnSk


Innate Abilities, Weirdness & Mutations

You have razor-sharp teeth.
Your natural rate of healing is unusually fast.
When hurt, damage is shared between your health and your magic reserves.
Your bite disrupts and absorbs the magic of your enemies.
Potions cannot restore your health.
You are immune to rotting.


Message History

The phantom blinks!
The cyan ugly thing pecks you! The cyan ugly thing shocks you!
Casting: Summon Ice Beast
Confirm with . or Enter, or press ? or * to list all spells.
You don't have enough magic to cast that spell.
You thump the cyan ugly thing! You drain the cyan ugly thing!
Your bite misses the cyan ugly thing.
The cyan ugly thing is severely wounded.
The cyan ugly thing pecks you!
* * * LOW HITPOINT WARNING * * *
The cyan ugly thing shocks you!
* * * LOW HITPOINT WARNING * * *
Something punches your ice beast.
Your ice beast is splashed with acid.
The acid corrodes your ice beast!
There is an open door here.
The cyan ugly thing pecks you.
* * * LOW HITPOINT WARNING * * *
The cyan ugly thing shocks you!
You die...
Kikubaaqudgha rasps: "You have failed me!
Welcome... death!"

#..........?........
+...................
#.........Y.........
#.......u...........
######.Y##...###...#
#######O.##.(.###...#
#....#...##..Y.Y....#
+...#.#....u...##.........#
#...#.#...@#...##......./.#
#.....##..########+########
#......##'### #......#....#
#......#....# #.....)#....#
+......'....# #......#....#
##......######


You could see 2 ugly things, an ogre and 2 friendly ice beasts.

Vanquished Creatures
  A two-headed ogre (D:8)
  Pikel (D:6)
  Joseph (D:7)
  A wyvern (D:10)
  2 steam dragons (D:10)
  Menkaure (D:6)
  4 slaves (D:6)
  2 ogres
  An orc warrior (D:6)
  A wolf (D:9)
  3 centaurs
  2 big kobolds
  2 scorpions (D:10)
  6 killer bees
  3 wights (D:9)
  4 howler monkeys
  6 crimson imps
  A bullfrog zombie (D:8)
  A bullfrog skeleton (D:4)
  4 orc priests
  An iguana (D:9)
  5 orc wizards
  9 worker ants
  A hound skeleton (D:5)
  12 adders
  An adder zombie (D:6)
  A worm (D:4)
  A dart slug (D:1)
  4 leopard geckos
  31 orcs
  10 giant cockroaches
  10 goblins
  6 hobgoblins
  3 jackals (D:2)
  12 kobolds
  2 quokkas
  5 ball pythons
  8 bats
  3 frilled lizards
  A jackal skeleton (D:7)
  8 rats
181 creatures vanquished.

Vanquished Creatures (collateral kills)
  2 two-headed ogres
  A centaur skeleton (D:10)
  3 trolls
  2 hippogriffs
  A shadow (D:8)
  6 yaks
  Grum (D:9)
  A black bear (D:7)
  2 orc warriors
  An ice beast (D:10)
  2 ogres (D:7)
  A centaur (D:7)
  2 wolves (D:9)
  2 big kobolds
  A bullfrog (D:9)
  2 scorpions
  4 killer bees (D:8)
  3 wights (D:9)
  2 orc priests (D:10)
  2 hounds
  An iguana (D:7)
  A worker ant (D:9)
  A hound zombie (D:8)
  A howler monkey skeleton (D:8)
  2 orcs (D:10)
  4 kobolds
51 creatures vanquished.

Vanquished Creatures (others)
  2 fungi (D:10)
2 creatures vanquished.

Grand Total: 234 creatures vanquished

Notes
Turn   | Place    | Note
-------+----------+-------------------------------------------
     0 | D:1      | VLARC the Vine Stalker Ice Elementalist began the quest for the Orb.
     0 | D:1      | Reached XP level 1. HP: 9/9 MP: 4/4
   261 | D:1      | Reached XP level 2. HP: 14/14 MP: 3/6
   576 | D:1      | Reached skill level 1 in Fighting
   723 | D:1      | Reached XP level 3. HP: 18/18 MP: 8/8
   996 | D:2      | Found a shimmering altar of Xom.
  1075 | D:2      | Learned a level 2 spell: Throw Frost
  1079 | D:2      | Learned a level 3 spell: Ozocubu's Armour
  1217 | D:2      | Reached skill level 3 in Spellcasting
  1421 | D:2      | Found a hazy altar of Hepliaklqana.
  1456 | D:2      | Found a radiant altar of Vehumet.
  1462 | D:2      | Gained mutation: Your natural rate of healing is unusually fast. [Vine Stalker growth]
  1462 | D:2      | Reached XP level 4. HP: 22/22 MP: 9/9
  1627 | D:2      | Found a faded altar of an unknown god.
  2256 | D:3      | Noticed a big kobold
  2279 | D:2      | Killed a big kobold
  2279 | D:2      | Reached XP level 5. HP: 26/27 MP: 3/11
  2544 | D:3      | Learned a level 4 spell: Summon Ice Beast
  2680 | D:3      | Reached skill level 4 in Spellcasting
  2680 | D:3      | Reached XP level 6. HP: 22/32 MP: 0/13
  3145 | D:4      | Noticed a phantom
  3395 | D:4      | Found a sparkling altar of Nemelex Xobeh.
  3487 | D:4      | Reached skill level 5 in Ice Magic
  3487 | D:4      | Reached XP level 7. HP: 15/36 MP: 2/15
  3852 | D:4      | Found a glowing golden altar of the Shining One.
  3856 | D:4      | Found a glowing silver altar of Zin.
  3872 | D:4      | Found a staircase to the Ecumenical Temple.
  3883 | Temple   | Entered the Ecumenical Temple
  3960 | Temple   | Became a worshipper of Kikubaaqudgha
  4021 | D:4      | Found a sacrificial altar of Ru.
  4022 | D:4      | Found a blossoming altar of Fedhas.
  4045 | D:5      | Entered Level 5 of the Dungeon
  4080 | D:5      | Reached skill level 5 in Spellcasting
  4278 | D:5      | Noticed CollectiveS's ghost (novice GrCj)
  4725 | D:6      | Gained mutation: You have razor-sharp teeth. [Vine Stalker growth]
  4725 | D:6      | Reached XP level 8. HP: 42/42 MP: 6/17
  4929 | D:6      | Noticed Menkaure
  4951 | D:6      | Killed Menkaure
  4976 | D:6      | Noticed Pikel
  5659 | D:5      | Reached skill level 5 in Fighting
  5659 | D:5      | Reached skill level 6 in Spellcasting
  6119 | D:6      | Killed Pikel
  6119 | D:6      | Reached XP level 9. HP: 47/48 MP: 1/20
  6416 | D:7      | Noticed Joseph
  6655 | D:6      | Reached skill level 7 in Spellcasting
  6655 | D:6      | Reached skill level 1 in Summonings
  7170 | D:7      | Found a basalt altar of Yredelemnul.
  7350 | D:7      | Reached * piety under Kikubaaqudgha
  7350 | D:7      | Identified Kikubaaqudgha's Papyrus of Sinister Rituals (Kikubaaqudgha gifted it to you on level 7 of the Dungeon)
  7350 | D:7      | Received a gift from Kikubaaqudgha
  7369 | D:7      | Learned a level 1 spell: Animate Skeleton
  7655 | D:7      | Found a deep blue altar of Sif Muna.
  7911 | D:7      | Killed Joseph
  7988 | D:7      | Found Surokh's Magic Scroll Shoppe.
  8278 | D:8      | Reached skill level 5 in Summonings
  8604 | D:8      | Reached skill level 1 in Necromancy
  8672 | D:8      | Reached skill level 8 in Spellcasting
  8672 | D:8      | Reached XP level 10. HP: 50/53 MP: 17/23
  8737 | D:8      | Noticed a two-headed ogre
  8758 | D:8      | Killed a two-headed ogre
  8977 | D:8      | Reached ** piety under Kikubaaqudgha
  9170 | D:8      | Found an opulent altar of Gozag.
  9170 | D:8      | Found an ornate altar of the Wu Jian Council.
  9218 | D:8      | Found a burning altar of Makhleb.
  9516 | D:9      | Noticed a two-headed ogre
  9589 | D:9      | Learned a level 4 spell: Animate Dead
  9595 | D:9      | Learned a level 5 spell: Borgnjor's Vile Clutch
  9640 | D:9      | Noticed Grum
  9662 | D:9      | Killed Grum
 10089 | D:9      | Found Ugosch's Armour Emporium.
 10149 | D:9      | Killed a two-headed ogre
 10465 | D:9      | Reached skill level 9 in Spellcasting
 10890 | D:9      | Found a staircase to the Lair.
 11134 | D:10     | Entered Level 10 of the Dungeon
 11352 | D:10     | Noticed a two-headed ogre
 11367 | D:10     | Killed a two-headed ogre
 11643 | D:10     | Reached *** piety under Kikubaaqudgha
 11643 | D:10     | Identified Kikubaaqudgha's Papyrus of Sinister Rituals (Kikubaaqudgha gifted it to you on level 10 of the Dungeon)
 11643 | D:10     | Received a gift from Kikubaaqudgha
 11708 | D:10     | Noticed buskinjo's ghost (novice GnSk)
 11959 | D:10     | Reached skill level 5 in Necromancy
 12213 | D:10     | Reached XP level 11. HP: 38/60 MP: 5/25
 12631 | D:11     | Noticed a cyan ugly thing
 12651 | D:11     | Noticed a brown ugly thing
 12677 | D:11     | Mangled by a cyan ugly thing

Skill      XL: |  1  2  3  4  5  6  7  8  9 10 |
---------------+-------------------------------+-----
Fighting       | 1 2 3 4 5 6 8 |  8.4
Spellcasting   | 3 4 5 6 8 9 |  9.5
Ice Magic      | 4 5 7 |  7.2
Summonings     | 5 |  5.0
Necromancy     | 1 5 |  5.3
Dodging        | |  1.5
Stealth        | |  2.4
Conjurations   | |  1.0

Action                   |  1- 3 |  4- 6 |  7- 9 | 10-12 || total
-------------------------+-------+-------+-------+-------++-------
Melee: Unarmed           |     2 |       |       |       ||     2
       Bite              |     1 |       |     5 |     9 ||    15
       Quarterstaff      |       |       |    19 |    39 ||    58
       Dagger            |       |       |     3 |       ||     3
 Fire: Hunting sling     |    43 |   118 |   166 |   101 ||   428
 Cast: Freeze            |    32 |    78 |   135 |    33 ||   278
       Ozocubu's Armour  |       |     7 |    13 |     5 ||    25
       Throw Frost       |       |     5 |    10 |       ||    15
       Summon Ice Beast  |       |       |    30 |    71 ||   101
       Animate Dead      |       |       |       |     2 ||     2
Evoke: Wand              |       |       |     6 |       ||     6
  Use: Scroll            |       |    10 |    10 |     2 ||    22
       Potion            |       |       |     1 |       ||     1
 Stab: Sleeping          |       |       |       |     2 ||     2
  Eat: Chunk             |     2 |     7 |    10 |     9 ||    28
       Ration            |       |       |     3 |     3 ||     6
Armor: Robe              |     7 |    35 |    69 |    38 ||   149
Dodge: Dodged            |    17 |    81 |   182 |    75 ||   355
